 Dungeon Crawl Stone Soup version 0.26-a0-665-gefeb406119 (webtiles) character file.

Game seed: 4726724475437781495

73 grandjackal the Ducker (level 4, -3/34 HPs)
             Began as a Demonspawn Gladiator on Oct 15, 2020.
             Slain by a bullfrog (7 damage)
             ... on level 2 of the Dungeon.
             The game lasted 00:01:29 (1321 turns).

grandjackal the Ducker (Demonspawn Gladiator)       Turns: 1321, Time: 00:01:30

Health: -3/34      AC:  4    Str: 16    XL:     4   Next: 8%
Magic:  4/4        EV: 13    Int:  9    God:
Gold:   51         SH:  0    Dex: 14    Spells: 3/3 levels left

rFire    . . .     SeeInvis .   a - +0 long sword
rCold    . . .     Faith    .   (no shield)
rNeg     . . .     Spirit   .   b - +0 leather armour
rPois    .         Reflect  .   (helmet restricted)
rElec    .         Harm     .   (no cloak)
rCorr    .         Rampage  .   (no gloves)
MR       .....                  (no boots)
Stlth    +.........             (no amulet)
HPRegen  0.11/turn              (no ring)
MPRegen  0.09/turn              (no ring)

@: no status effects
A: horns 1, sharp scales 1
a: no special abilities


You were on level 2 of the Dungeon.
You visited 1 branch of the dungeon, and saw 2 of its levels.

You collected 51 gold pieces.

Inventory:

Hand Weapons
 a - a +0 long sword (weapon)
 m - a +0 dagger of freezing
Missiles
 d - 3 throwing nets (quivered)
Armour
 b - a +0 leather armour (worn)
 i - a +0 buckler
Scrolls
 e - 2 scrolls of identify {unknown}
 f - a scroll of enchant armour {unknown}
 g - 2 scrolls of enchant weapon {unknown}
 j - 2 scrolls of teleportation {unknown}
Potions
 c - a potion of berserk rage {unknown}
 h - 2 potions of cancellation {unknown}
 k - a potion of magic {unknown}
 l - a potion of stabbing {unknown}


   Skills:
 + Level 2.9 Fighting
 + Level 3.2 Long Blades
 - Level 1.7 Throwing
 + Level 3.3 Dodging
 + Level 0.9 Shields


You had 3 spell levels left.
You didn't know any spells.
Your spell library was empty.

Dungeon Overview and Level Annotations

Branches:
Dungeon (2/15)

Altars:


Innate Abilities, Weirdness & Mutations

You have a pair of small horns on your head.
You are partially covered in razor-sharp scales. (AC +1, Slay +1)


Message History

The bullfrog is lightly wounded.
You hear an angry hiss.
The bullfrog hits you! The bullfrog hits you.
You slash the bullfrog!
The bullfrog is heavily wounded.
The bullfrog hits you. x2
You hit the bullfrog.
The bullfrog is severely wounded.
The bullfrog hits you.
A dart slug comes into view.
The bullfrog hits you.
* * * LOW HITPOINT WARNING * * *
You are too injured to fight recklessly!
Unknown command.
You hit the bullfrog.
The bullfrog is almost dead.
The bullfrog hits you.
* * * LOW HITPOINT WARNING * * *
The bullfrog hits you!
You die...

.. .. ##w##. ..... #.#..
####..g## ...!.g.#
#.F..# # ###.#@.# .#
#...##.#..# #.......#
#.##..##..# #......#.##
#.###### ####.#.# .
.......# ######+#.####
#......# #......†...#
#......##
#.......##.#####........


You could see a bullfrog, 2 gnolls and a dart slug.

Vanquished Creatures
  Robin (D:1)
  An ooze (D:2)
  3 dart slugs
  3 leopard geckos (D:1)
  11 bats
  13 goblins
  7 hobgoblins (D:1)
  A kobold (D:2)
  2 quokkas
  3 rats (D:1)
45 creatures vanquished.

Notes
Turn   | Place    | Note
-------+----------+-------------------------------------------
     0 | D:1      | grandjackal the Demonspawn Gladiator began the quest for
                  | the Orb.
     0 | D:1      | Reached XP level 1. HP: 16/16 MP: 1/1
   173 | D:1      | Gained mutation: You are partially covered in razor-sharp
                  | scales. (AC +1, Slay +1) [demonic ancestry]
   173 | D:1      | Reached XP level 2. HP: 19/22 MP: 2/2
   501 | D:1      | Gained mutation: You have a pair of small horns on your
                  | head. [demonic ancestry]
   501 | D:1      | Reached XP level 3. HP: 28/28 MP: 3/3
   788 | D:2      | Noticed Robin
   798 | D:1      | Killed Robin
  1284 | D:2      | Reached XP level 4. HP: 34/34 MP: 4/4
  1316 | D:2      | Noticed a bullfrog
  1321 | D:2      | Slain by a bullfrog

Illustrated notes

Levels and vault maps discovered:
D:1:      giann_horns, layout_loops_ring, grunt_decor_one_mirror
D:2:      kennysheep_the_goblin_king, layout_basic, uniq_robin

Skill      XL: |  1  2 |
---------------+-------+-----
Dodging        | 3 |  3.3
Long Blades    | 3 |  3.2
Fighting       | |  2.9
Throwing       | |  1.7
Shields        | |  0.9

Action                   |  1- 3 |  4- 6 || total
-------------------------+-------+-------++-------
Melee: Long sword        |    74 |     6 ||    80
       Headbutt          |     6 |       ||     6
 Stab: Sleeping          |     2 |       ||     2
Armor: Leather armour    |    30 |       ||    30
Dodge: Dodged            |    97 |     4 ||   101
       Rpst.: Long sword |    33 |     1 ||    34

Table legend: (Time is in decaauts)
 A = Elapsed time spent in this place.
 B = Non-inter-level travel time spent in this place.
 C = Inter-level travel time spent in this place.
 D = Time resting spent in this place.
 E = Time spent auto-exploring this place.
 F = Levels seen in this place.
 G = Mean time per level.
                   A        B        C        D        E       F      G
               +--------+--------+--------+--------+--------+-----+--------+
         Total |   1344 |   1304 |     40 |    394 |    652 |   2 |  672.0 |
       Dungeon |   1344 |   1304 |     40 |    394 |    652 |   2 |  672.0 |
               +--------+--------+--------+--------+--------+-----+--------+

Top non-repeatable levels by time:
     D:1: 1242 daAuts
     D:2: 101 daAuts
